[ AOE2 MATCH · #513552880 ]
UnrankedBohemians vs Tatars
Player's team · LOSS
Rival team · WIN
[ REPLAY ANALYSIS · EXTRACTED FROM THE RECORDED GAME ]
Feudal
12:02
Castle
21:58
Imperial
—
| APM avg | 57.9 |
| APM peak | 98 |
| eAPM avg | 20.2 |
| Villagers / military | 80 / 61 |
Focus
⚔️ 33.2% · 🌾 66.8%
Skirmisher ×20 · Ballestero montado ×20 · Monk ×8 · Militia ×7 · Spearman ×6
Feudal
8:44
Castle
21:10
Imperial
34:45
| APM avg | 51.4 |
| APM peak | 96 |
| eAPM avg | 21.9 |
| Villagers / military | 119 / 76 |
Focus
⚔️ 24.0% · 🌾 76.0%
Scout Cavalry ×53 · Archer ×6 · Skirmisher ×6 · Knight ×5 · Cavalry Archer ×5 · Monk ×1
Match map
Initial resources + every placement click. Lines = walls · curves = elevation contours. ◆ gold · ⬟ stone · ● berries · ✦ relic · ◌ wall gap
Your base· Open — unwalled flank
se7e's base· Open — unwalled flank
Smoothed initial terrain · ◌ = detected wall gap · hover for details
Inputs per minute
— Hestia - - se7e
Build order — Hestia
First 150 of 259 actions detected
| 0:00 | Queue | Villager (Male) |
| 0:01 | Queue | Villager (Male) |
| 0:02 | Build | House |
| 0:03 | Build | House |
| 0:12 | Queue | Villager (Male) |
| 0:12 | Queue | Villager (Male) |
| 1:24 | Queue | Villager (Male) |
| 1:54 | Queue | Villager (Male) |
| 2:20 | Queue | Villager (Male) |
| 2:48 | Queue | Villager (Male) |
| 2:48 | Queue | Villager (Male) |
| 3:06 | Build | Barracks |
| 3:12 | Queue | Villager (Male) |
| 3:25 | Queue | Villager (Male) |
| 3:33 | Build | House |
| 3:36 | Build | House |
| 4:14 | Queue | Villager (Male) |
| 4:14 | Queue | Villager (Male) |
| 4:19 | Queue | Militia |
| 4:41 | Queue | Militia |
| 4:58 | Queue | Villager (Male) |
| 5:18 | Build | House |
| 5:25 | Queue | Villager (Male) |
| 6:02 | Queue | Villager (Male) |
| 6:36 | Queue | Villager (Male) |
| 6:36 | Queue | Villager (Male) |
| 6:36 | Queue | Villager (Male) |
| 6:53 | Build | Lumber Camp |
| 7:14 | Build | House |
| 7:52 | Queue | Villager (Male) |
| 7:54 | Queue | Militia |
| 7:54 | Queue | Militia |
| 7:57 | Build | House |
| 8:15 | Queue | Villager (Male) |
| 8:53 | Queue | Villager (Male) |
| 9:11 | Build | Mill |
| 9:23 | Queue | Villager (Male) |
| 9:52 | Research | Feudal Age |
| 10:22 | Build | Farm |
| 10:22 | Build | Farm |
| 10:24 | Build | Farm |
| 10:48 | Build | Farm |
| 11:09 | Build | Mill |
| 11:15 | Build | Farm |
| 11:38 | Build | Farm |
| 11:41 | Queue | Militia |
| 11:41 | Queue | Militia |
| 11:41 | Queue | Militia |
| 11:51 | Queue | Villager (Male) |
| 12:02 | Age | Feudal Age |
| 12:07 | Research | Man-at-Arms (upgrade) |
| 12:19 | Build | Mining Camp |
| 12:33 | Research | Town Watch |
| 12:48 | Queue | Spearman |
| 12:48 | Queue | Spearman |
| 13:02 | Build | Palisade Wall |
| 13:04 | Build | Palisade Wall |
| 13:07 | Queue | Villager (Male) |
| 13:11 | Build | Palisade Wall |
| 13:15 | Build | Palisade Wall |
| 13:24 | Build | Palisade Wall |
| 13:28 | Build | Palisade Wall |
| 13:30 | Build | Palisade Wall |
| 13:33 | Build | Palisade Wall |
| 13:34 | Queue | Villager (Male) |
| 13:37 | Build | Palisade Wall |
| 13:41 | Build | House |
| 13:47 | Build | House |
| 13:50 | Build | Palisade Wall |
| 13:55 | Queue | Spearman |
| 13:56 | Queue | Villager (Male) |
| 13:58 | Research | Loom |
| 14:12 | Queue | Spearman |
| 14:22 | Queue | Spearman |
| 14:23 | Queue | Villager (Male) |
| 14:25 | Build | Farm |
| 14:26 | Build | Farm |
| 14:32 | Build | Farm |
| 14:43 | Queue | Villager (Male) |
| 15:03 | Queue | Villager (Male) |
| 15:15 | Build | Archery Range |
| 15:29 | Build | Farm |
| 15:31 | Queue | Villager (Male) |
| 15:32 | Queue | Villager (Male) |
| 16:09 | Queue | Skirmisher |
| 16:18 | Build | Watch Tower |
| 17:14 | Build | Mill |
| 17:15 | Queue | Villager (Male) |
| 17:22 | Queue | Skirmisher |
| 18:06 | Queue | Villager (Male) |
| 18:09 | Build | Farm |
| 18:15 | Queue | Skirmisher |
| 18:15 | Queue | Skirmisher |
| 18:17 | Build | Farm |
| 18:31 | Queue | Skirmisher |
| 18:46 | Build | Blacksmith |
| 18:52 | Queue | Skirmisher |
| 18:53 | Queue | Villager (Male) |
| 19:18 | Research | Castle Age |
| 19:22 | Queue | Skirmisher |
| 19:23 | Research | Fletching |
| 19:43 | Queue | Skirmisher |
| 19:56 | Queue | Skirmisher |
| 19:56 | Queue | Skirmisher |
| 20:08 | Build | Lumber Camp |
| 20:15 | Queue | Skirmisher |
| 20:24 | Queue | Skirmisher |
| 20:29 | Build | Farm |
| 20:54 | Queue | Skirmisher |
| 21:47 | Queue | Skirmisher |
| 21:58 | Age | Castle Age |
| 22:13 | Build | Mining Camp |
| 22:21 | Queue | Villager (Male) |
| 22:23 | Queue | Villager (Male) |
| 22:23 | Queue | Villager (Male) |
| 22:23 | Queue | Villager (Male) |
| 22:24 | Queue | Villager (Male) |
| 22:43 | Queue | Spearman |
| 22:47 | Build | House |
| 22:50 | Build | Farm |
| 23:06 | Build | Town Center |
| 23:57 | Research | Elite Skirmisher (upgrade) |
| 23:57 | Research | Elite Skirmisher (upgrade) |
| 24:09 | Queue | Villager (Male) |
| 24:09 | Queue | Villager (Male) |
| 24:10 | Queue | Villager (Male) |
| 24:10 | Queue | Villager (Male) |
| 24:11 | Queue | Villager (Male) |
| 24:30 | Build | Farm |
| 24:33 | Queue | Villager (Male) |
| 24:39 | Research | Bodkin Arrow |
| 24:41 | Queue | Skirmisher |
| 24:41 | Queue | Skirmisher |
| 24:43 | Queue | Villager (Male) |
| 24:44 | Queue | Villager (Male) |
| 24:49 | Queue | Villager (Male) |
| 25:27 | Build | Monastery |
| 25:30 | Build | House |
| 26:09 | Build | House |
| 26:10 | Build | House |
| 26:11 | Queue | Monk |
| 26:13 | Queue | Villager (Male) |
| 26:21 | Build | Farm |
| 26:49 | Queue | Monk |
| 26:58 | Queue | Skirmisher |
| 27:00 | Queue | Villager (Male) |
| 27:50 | Queue | Villager (Male) |
| 27:51 | Queue | Skirmisher |
| 27:51 | Queue | Skirmisher |
| 28:14 | Queue | Villager (Male) |
Build order — se7e
First 150 of 347 actions detected
| 0:00 | Queue | Villager (Male) |
| 0:00 | Queue | Villager (Male) |
| 0:01 | Queue | Villager (Male) |
| 0:02 | Build | House |
| 0:03 | Build | House |
| 1:06 | Queue | Villager (Male) |
| 1:07 | Queue | Villager (Male) |
| 1:29 | Queue | Villager (Male) |
| 1:29 | Queue | Villager (Male) |
| 1:51 | Queue | Villager (Male) |
| 2:09 | Queue | Villager (Male) |
| 2:44 | Queue | Villager (Male) |
| 3:07 | Queue | Villager (Male) |
| 3:07 | Queue | Villager (Male) |
| 3:26 | Build | House |
| 3:32 | Queue | Villager (Male) |
| 3:46 | Build | Lumber Camp |
| 4:08 | Queue | Villager (Male) |
| 4:08 | Queue | Villager (Male) |
| 4:40 | Queue | Villager (Male) |
| 4:40 | Queue | Villager (Male) |
| 5:30 | Research | Loom |
| 5:37 | Build | Mill |
| 6:34 | Research | Feudal Age |
| 6:34 | Research | Feudal Age |
| 8:05 | Build | Lumber Camp |
| 8:38 | Queue | Villager (Male) |
| 8:44 | Age | Feudal Age |
| 8:53 | Build | House |
| 8:56 | Research | Double-Bit Axe |
| 8:56 | Research | Double-Bit Axe |
| 8:56 | Queue | Villager (Male) |
| 9:29 | Build | Barracks |
| 9:46 | Queue | Villager (Male) |
| 9:46 | Queue | Villager (Male) |
| 10:06 | Queue | Villager (Male) |
| 10:15 | Build | Palisade Wall |
| 10:17 | Build | Palisade Wall |
| 10:28 | Build | Stable |
| 10:45 | Queue | Villager (Male) |
| 10:49 | Build | House |
| 11:05 | Queue | Villager (Male) |
| 11:11 | Queue | Scout Cavalry |
| 11:11 | Queue | Scout Cavalry |
| 11:12 | Queue | Scout Cavalry |
| 11:12 | Queue | Scout Cavalry |
| 11:27 | Build | Mill |
| 11:35 | Queue | Villager (Male) |
| 11:35 | Queue | Villager (Male) |
| 11:39 | Build | Farm |
| 11:57 | Build | Farm |
| 12:09 | Queue | Villager (Male) |
| 12:29 | Build | House |
| 12:30 | Build | House |
| 12:50 | Queue | Villager (Male) |
| 12:59 | Build | Archery Range |
| 13:04 | Queue | Villager (Male) |
| 13:17 | Queue | Villager (Male) |
| 13:30 | Queue | Villager (Male) |
| 13:39 | Build | Mining Camp |
| 14:07 | Build | House |
| 14:10 | Queue | Archer |
| 14:10 | Queue | Archer |
| 14:10 | Queue | Skirmisher |
| 14:25 | Queue | Villager (Male) |
| 14:44 | Queue | Villager (Male) |
| 14:47 | Build | Blacksmith |
| 14:59 | Queue | Archer |
| 14:59 | Queue | Villager (Male) |
| 15:30 | Build | House |
| 15:31 | Build | House |
| 15:40 | Research | Fletching |
| 15:41 | Queue | Skirmisher |
| 15:42 | Queue | Villager (Male) |
| 15:49 | Queue | Villager (Male) |
| 16:12 | Queue | Archer |
| 16:21 | Research | Padded Archer Armor |
| 16:21 | Queue | Villager (Male) |
| 16:23 | Build | Farm |
| 16:24 | Build | Farm |
| 16:33 | Queue | Archer |
| 16:37 | Queue | Villager (Male) |
| 16:38 | Build | Farm |
| 16:39 | Build | Farm |
| 16:43 | Build | Farm |
| 17:26 | Queue | Archer |
| 17:26 | Queue | Villager (Male) |
| 17:29 | Build | Farm |
| 17:31 | Build | Farm |
| 17:32 | Build | Farm |
| 18:03 | Queue | Skirmisher |
| 18:03 | Queue | Villager (Male) |
| 18:06 | Build | Farm |
| 18:07 | Build | Farm |
| 18:31 | Research | Castle Age |
| 18:31 | Research | Castle Age |
| 18:46 | Build | Lumber Camp |
| 18:55 | Queue | Skirmisher |
| 18:55 | Queue | Skirmisher |
| 19:18 | Research | Horse Collar |
| 19:31 | Build | House |
| 20:01 | Queue | Skirmisher |
| 20:19 | Queue | Villager (Male) |
| 20:20 | Build | Farm |
| 20:23 | Build | House |
| 20:24 | Build | House |
| 20:50 | Queue | Scout Cavalry |
| 20:50 | Queue | Scout Cavalry |
| 21:10 | Age | Castle Age |
| 21:15 | Research | Bodkin Arrow |
| 21:16 | Research | Bow Saw |
| 21:20 | Build | Farm |
| 21:26 | Queue | Cavalry Archer |
| 21:26 | Queue | Cavalry Archer |
| 21:29 | Queue | Villager (Male) |
| 21:33 | Build | Town Center |
| 21:54 | Queue | Knight |
| 22:20 | Queue | Cavalry Archer |
| 22:20 | Queue | Villager (Male) |
| 22:31 | Build | Town Center |
| 22:42 | Queue | Cavalry Archer |
| 22:42 | Queue | Villager (Male) |
| 22:51 | Queue | Villager (Male) |
| 22:52 | Queue | Villager (Male) |
| 22:52 | Queue | Villager (Male) |
| 23:12 | Queue | Villager (Male) |
| 23:55 | Queue | Cavalry Archer |
| 23:56 | Queue | Villager (Male) |
| 23:56 | Queue | Villager (Male) |
| 23:56 | Queue | Villager (Male) |
| 24:04 | Build | Mining Camp |
| 24:08 | Build | Farm |
| 24:09 | Build | Farm |
| 24:11 | Build | Farm |
| 24:14 | Build | Farm |
| 24:14 | Queue | Villager (Male) |
| 24:14 | Queue | Villager (Male) |
| 24:28 | Queue | Villager (Male) |
| 24:28 | Queue | Villager (Male) |
| 24:28 | Queue | Villager (Male) |
| 25:06 | Queue | Villager (Male) |
| 25:07 | Queue | Villager (Male) |
| 25:07 | Queue | Villager (Male) |
| 25:11 | Build | Farm |
| 25:23 | Queue | Villager (Male) |
| 25:24 | Queue | Villager (Male) |
| 25:24 | Queue | Villager (Male) |
| 25:24 | Queue | Villager (Male) |
| 25:33 | Research | Wheelbarrow |
| 25:37 | Queue | Villager (Male) |
Match timeline
| 3:06 | Hestia · first_building Barracks |
| 8:44 | se7e · age_up feudal |
| 9:29 | se7e · first_building Barracks |
| 10:15 | se7e · wall_segment Palisade Wall x1 |
| 10:17 | se7e · wall_segment Palisade Wall x1 |
| 10:28 | se7e · first_building Stable |
| 12:02 | Hestia · age_up feudal |
| 12:59 | se7e · first_building Archery Range |
| 13:02 | Hestia · wall_segment Palisade Wall x1 |
| 13:04 | Hestia · wall_segment Palisade Wall x1 |
| 13:11 | Hestia · wall_segment Palisade Wall x2 |
| 13:15 | Hestia · wall_segment Palisade Wall x1 |
| 13:24 | Hestia · wall_segment Palisade Wall x1 |
| 13:28 | Hestia · wall_segment Palisade Wall x1 |
| 13:30 | Hestia · wall_segment Palisade Wall x1 |
| 13:33 | Hestia · wall_segment Palisade Wall x3 |
| 13:37 | Hestia · wall_segment Palisade Wall x3 |
| 13:50 | Hestia · wall_segment Palisade Wall x1 |
| 15:15 | Hestia · first_building Archery Range |
| 21:10 | se7e · age_up castle |
| 21:58 | Hestia · age_up castle |
| 25:27 | Hestia · first_building Monastery |
| 27:53 | se7e · first_market_buy 100 food |
| 29:44 | se7e · first_building Monastery |
| 32:25 | Hestia · first_building Stable |
| 33:44 | se7e · wall_segment Palisade Wall x1 |
| 33:46 | se7e · wall_segment Palisade Wall x1 |
| 34:45 | se7e · age_up imperial |
| 35:24 | se7e · first_market_sell 100 stone |
| 35:36 | se7e · first_building Castle |
| 37:02 | Hestia · resign |
[ AI ANALYSIS · 1 CREDIT ]
What really happened in this match?
Wolo.gg analyzes every decision: build order, eco, micro, common mistakes by bracket. Personalized analysis on WhatsApp or Discord in 30 seconds.
Civ guide
Bohemians
Perfil
Jugador #230265